 Dungeon Crawl Stone Soup version 0.17-a0-1522-g6c5b4ba (webtiles) character file.

18642 namelastname112 the Spear-Bearer (level 12, 0/108 HPs)
             Began as a Black Draconian Skald on July 15, 2015.
             Was an Initiate of Gozag.
             Slain by an unseen horror (2 damage)
             ... on level 11 of the Dungeon.
             The game lasted 00:29:59 (15327 turns).

namelastname112 the Spear-Bearer (DrSk)            Turns: 15327, Time: 00:29:59

Health: 0/108      AC: 12    Str: 15    XL:     12   Next: 29%
Magic:  5/5        EV: 30    Int: 13    God:    Gozag
Gold:   405        SH:  0    Dex: 26    Spells: 0 memorised, 15 levels left

rFire  + . .     SeeInvis .     F - +2 lajatang (antimagic)
rCold  + . .     Clarity  .     (armour unavailable)
rNeg   . . .     SustAt   .     (no shield)
rPois  +         Gourm    .     r - +1 hat
rElec  +         Spirit   .     (no cloak)
rCorr  +         Warding  .     t - +2 pair of fencer's gloves {LBl+4 SBl+4 EV+3 Dex+6}
rMut   .         Stasis   .     (no boots)
MR     .....                    C - amulet of faith (curse)
Stlth  ++........               n - ring of loudness (curse)
                                v - ring of poison resistance

@: agile, resistant, flying, very slightly contaminated, invisible, not
resistant to hostile enchantments, unstealthy
A: breathe lightning, unfitting armour, talons 1, electricity resistance,
cold-blooded, AC +8
a: Breathe Lightning, Potion Petition, Call Merchant, Bribe Branch, Renounce
Religion


You were on level 11 of the Dungeon.
You worshipped Gozag.
Gozag was noncommittal.
You were not hungry.

You visited 2 branches of the dungeon, and saw 12 of its levels.

You collected 2158 gold pieces.
You paid 1753 gold pieces to Gozag.

Inventory:

Hand weapons
 d - a +0 trident
 F - a +2 antimagic lajatang (weapon)
Armour
 r - a +1 hat (worn)
 t - the +2 pair of fencer's gloves (worn) {LBl+4 SBl+4 EV+3 Dex+6}
   (You found it on level 8 of the Dungeon)

   It affects your evasion (+3).
   It affects your dexterity (+6).
 y - a +0 buckler
Jewellery
 a - an uncursed ring of sustain attributes
 k - an uncursed ring of protection from fire
 n - a cursed ring of loudness (right hand)
 v - a ring of poison resistance (left hand)
 C - a cursed amulet of faith (around neck)
Magical devices
 l - a wand of random effects (0)
 m - a wand of random effects (0)
 q - a wand of frost (31)
 w - a wand of random effects (0)
 x - a wand of paralysis (24)
 D - a wand of flame (32)
 E - a wand of digging (16)
 I - a wand of confusion (28)
Scrolls
 e - 5 scrolls of identify
 h - 3 scrolls of amnesia
 o - 3 scrolls of remove curse
 u - a scroll of recharging
 z - a scroll of enchant armour
 B - a scroll of vulnerability
Potions
 f - 2 potions of cancellation
 A - 4 potions of haste
 H - a potion of might
Books
 b - a book of Battle

   Spells                             Type                      Level
   a - Infusion                       Charms                       1
   b - Shroud of Golubria             Charms/Translocation         2
   c - Song of Slaying                Charms                       2
   d - Spectral Weapon                Hexes/Charms                 3
   e - Regeneration                   Charms/Necromancy            3
 G - a book of Spatial Translocations

   Spells                             Type                      Level
   a - Apportation                    Translocation                1
   b - Blink                          Translocation                2
   c - Shroud of Golubria             Charms/Translocation         2
   d - Portal Projectile              Translocation                3
   e - Teleport Other                 Translocation                3
   f - Passage of Golubria            Translocation                4
Comestibles
 c - 9 bread rations
 p - 18 fruits
 s - a meat ration


   Skills:
 + Level 10.7 Fighting
 * Level 13.3 Polearms
 + Level 9.0 Dodging
 + Level 8.0 Shields
 - Level 2.0 Spellcasting
   Level 2.6 Charms


You had 15 spell levels left.
You didn't know any spells.

Dungeon Overview and Level Annotations

Branches:
Dungeon (11/15)            Temple (1/1) D:6            Lair (0/8) D:10
    Orc (0/4) D:11

Altars:
Ashenzari
Cheibriados
Dithmenos
Elyvilon
Fedhas
Gozag
Kikubaaqudgha
Makhleb
Nemelex Xobeh
Okawaru
Qazlal
Ru
Sif Muna
Trog
Vehumet
Xom
Yredelemnul
Zin
The Shining One

Shops:
D:5 *   D:9 *   D:11 %

Portals:
Trove: D:11 (give 23 scrolls of identify)


Innate Abilities, Weirdness & Mutations

You can breathe wild blasts of lightning.
Your glossy black scales are hard (AC +8).
Your body does not fit into most forms of armour.
You are resistant to electric shocks.
You are cold-blooded and may be slowed by cold attacks.
You have sharp toenails.


Message History

Something completely misses you. Something misses you.
You barely miss something. You claw something.
Your tail-slap misses something.
Something misses you.
You swing at nothing.
Something hits you.
* * * LOW HITPOINT WARNING * * *
Something barely misses you.
Read which item? (? for menu, Esc to quit)
Okay, then.
Drink which item? (? for menu, Esc to quit)
You fade into invisibility!
Something barely misses you. Something hits you.
* * * LOW HITPOINT WARNING * * *
You are very lightly contaminated with residual magic.
Unknown command.
Something hits you but does no damage. Something misses you.
Something closely misses you. Something barely misses you. Something hits you.
You die...
Your body crumbles into a pile of gold.

## #######################
.# #.....................#
#####.....#..###...#.....#
#.∩###)...#..# #@.....##.#
...##.......}###.####....#
..##.............# #....#
.##...).######...# #.##.#
##....).#.#..#.#.# #....#
##......#.#..#.#.# #....#
........#.##.#...# #....#
...)....#.##.##### .'....#
........#.....# ###....#


There were no monsters in sight!

Vanquished Creatures
  Gastronok (D:8)
  The ghost of simok the Geomancer, a powerful DrEE of Vehumet (D:11)
  Erolcha (D:9)
  A centaur warrior (D:10)
  An unseen horror (D:10)
  2 hill giants
  Pikel (D:5)
  An ugly thing (D:11)
  A centaur zombie (D:11)
  A fire drake (D:10)
  2 trolls
  A shadow (D:11)
  2 deep elf magi (D:11)
  A wyvern (D:9)
  Grum (D:9)
  3 hungry ghosts
  4 wolves (D:9)
  3 hippogriffs
  A soldier ant (D:9)
  A mottled dragon (D:11)
  3 orc warriors
  A sky beast (D:8)
  2 necrophages
  2 phantoms (D:11)
  4 ice beasts
  4 slaves (D:5)
  4 ogres
  3 centaurs (D:10)
  A big kobold (D:10)
  A gnoll sergeant (D:10)
  10 giant frogs
  A water moccasin zombie (D:9)
  11 killer bees
  The ghost of namelastname112 the Poker, a weakling DrSk (D:3)
  2 spriggan skeletons (D:9)
  4 wights (D:7)
  7 electric eels (D:8)
  2 giant frog zombies
  7 crimson imps
  6 hounds
  3 jellies
  5 orc priests
  10 orc wizards
  Ijyb (D:2)
  A giant frog skeleton (D:5)
  7 iguanas
  9 worker ants
  3 ogre zombies (D:11)
  A hound zombie (D:8)
  A hound skeleton (D:4)
  2 worker ant zombies
  7 gnolls
  7 adders
  4 shadow imps
  An ooze (D:3)
  An adder skeleton (D:4)
  4 worms
  7 giant geckos
  44 orcs
  A bat skeleton (D:4)
  6 giant cockroaches
  13 hobgoblins
  8 jackals
  13 kobolds
  3 ball pythons
  21 bats
  6 giant newts
  15 goblins
  A goblin zombie (D:11)
  3 hobgoblin skeletons (D:11)
  An orc skeleton (D:11)
  4 orc zombies (D:11)
  5 quokkas
  A quokka zombie (D:5)
  28 rats
353 creatures vanquished.

Vanquished Creatures (others)
  A jackal (D:9)
  11 plants (D:8)
12 creatures vanquished.

Grand Total: 365 creatures vanquished

Notes
Turn   | Place    | Note
--------------------------------------------------------------
     0 | D:1      | namelastname112 the Draconian Skald began the quest for the Orb.
     0 | D:1      | Reached XP level 1. HP: 17/17 MP: 3/3
   291 | D:1      | Reached XP level 2. HP: 22/25 MP: 5/5
   883 | D:2      | Found a glowing golden altar of the Shining One.
  1252 | D:2      | Reached skill level 3 in Polearms
  1313 | D:2      | Reached XP level 3. HP: 30/30 MP: 6/6
  1429 | D:2      | Noticed Ijyb
  1463 | D:2      | Killed Ijyb
  1463 | D:2      | Reached XP level 4. HP: 35/37 MP: 7/7
  1518 | D:2      | Found a burning altar of Makhleb.
  1734 | D:3      | Found a shimmering altar of Xom.
  1735 | D:3      | Found a shimmering altar of Xom.
  1737 | D:3      | Found a shimmering altar of Xom.
  1744 | D:3      | Found a shimmering altar of Xom.
  1749 | D:3      | Reached skill level 4 in Polearms
  1825 | D:3      | Reached XP level 5. HP: 31/45 MP: 8/8
  2144 | D:3      | Noticed namelastname112's ghost (weakling DrSk)
  2176 | D:3      | Killed namelastname112's ghost
  2208 | D:3      | Noticed an ogre
  2598 | D:3      | Reached XP level 6. HP: 49/52 MP: 9/9
  2864 | D:3      | Killed an ogre
  2864 | D:3      | Reached skill level 5 in Polearms
  3794 | D:4      | Your scales start taking on a glossy black colour.
  3794 | D:4      | Gained mutation: You are resistant to electric shocks. [Black Draconian growth]
  3794 | D:4      | Reached XP level 7. HP: 60/60 MP: 10/10
  4174 | D:5      | Entered Level 5 of the Dungeon
  4218 | D:5      | Reached skill level 6 in Polearms
  4313 | D:5      | Noticed Pikel
  4586 | D:5      | Found Faymef's General Store.
  4593 | D:5      | Got a shimmering war axe
  4594 | D:5      | Identified the +0 war axe of Equivalence {pain, Dex+3} (You found it on level 5 of the Dungeon)
  4658 | D:5      | Reached skill level 5 in Fighting
  4830 | D:5      | Killed Pikel
  4830 | D:5      | Reached skill level 7 in Polearms
  4830 | D:5      | Reached XP level 8. HP: 18/70 MP: 11/11
  5276 | D:5      | Gained mutation: You have sharp toenails. [potion of beneficial mutation]
  5335 | D:6      | Found a staircase to the Ecumenical Temple.
  5416 | Temple   | Entered the Ecumenical Temple
  5577 | Temple   | Became a worshipper of Gozag Ym Sagoz the Greedy
  5698 | D:6      | HP: 3/70 [ice beast (12)]
  5955 | D:6      | Reached skill level 1 in Shields
  5975 | D:6      | Found a glowing golden altar of the Shining One.
  6532 | D:7      | Reached skill level 8 in Polearms
  6532 | D:7      | Reached skill level 5 in Dodging
  7125 | D:7      | Reached XP level 9. HP: 47/78 MP: 12/12
  7899 | D:8      | Reached skill level 9 in Polearms
  7929 | D:8      | Noticed Gastronok
  9176 | D:9      | Reached XP level 10. HP: 24/88 MP: 13/13
  9195 | D:9      | Reached skill level 10 in Polearms
  9210 | D:9      | Reached skill level 11 in Polearms
  9210 | D:9      | Reached XP level 11. HP: 20/97 MP: 14/14
  9544 | D:9      | Noticed Grum
  9590 | D:9      | Killed Grum
  9743 | D:9      | Found Licaeqydd's General Store.
  9772 | D:9      | Found a snail-covered altar of Cheibriados.
  9887 | D:9      | Found a runed door.
  9988 | D:9      | Noticed Erolcha
 10003 | D:9      | Killed Erolcha
 10003 | D:9      | Reached skill level 12 in Polearms
 10875 | D:10     | Entered Level 10 of the Dungeon
 10916 | D:10     | Noticed a centaur warrior
 10942 | D:10     | Killed a centaur warrior
 11104 | D:10     | Noticed a hill giant
 11137 | D:10     | Killed a hill giant
 11419 | D:10     | Found a staircase to the Lair.
 11547 | D:10     | Reached skill level 10 in Fighting
 11815 | D:10     | Killed an unseen horror
 13257 | D:8      | Killed Gastronok
 13798 | D:11     | Reached XP level 12. HP: 101/107 MP: 15/15
 13838 | D:11     | Noticed a hill giant
 13854 | D:11     | Killed a hill giant
 13854 | D:11     | Reached skill level 13 in Polearms
 14381 | D:11     | Found a staircase to the Orcish Mines.
 14835 | D:11     | Found a portal to a secret trove of treasure.
 14857 | D:11     | Noticed simok's ghost (powerful DrEE)
 15119 | D:11     | Killed simok's ghost
 15323 | D:11     | HP: 1/108 [something (6)]
 15327 | D:11     | Slain by an unseen horror

Vault maps used:
D:1:      dpeg_arrival_rooms_a
D:2:      old_standard_altar, dk_vineyard_3, makhleb_blood_cavern_becter,
          uniq_iyjb
D:3:      lemuel_upstairs_altar, first_bread, grunt_ministairs_5,
          xom_redecorated
D:4:      minmay_rat_hole
D:5:      serial_shops, shop, uniq_pikel
D:6:      temple_green, nicolae_tso_carved_into_rock
D:8:      serial_bayou, serial_bayou_ford_a, serial_bayou_lagoon_a,
          serial_bayou_lagoon_b, serial_bayou_pond_e, uniq_gastronok
D:9:      basic_altar, hangedman_tell_no_tales, nrook_uturn, uniq_grum,
          uniq_erolcha
D:10:     minmay_lair_entry_lava
D:11:     zombieorc1_lemuel, nicolae_trove_entry_diagonal, serial_shops, shop
Temple:   minmay_crystal_snake_temple_18

Action                   |  1- 3 |  4- 6 |  7- 9 | 10-12 || total
-------------------------+-------+-------+-------+-------++-------
Melee: Spear             |   172 |   183 |       |       ||   355
       Trident           |       |   174 |   727 |   609 ||  1510
       Unarmed           |       |    11 |       |       ||    11
       Lajatang          |       |       |       |   155 ||   155
Invok: Call Merchant     |       |       |     1 |     1 ||     2
       Potion Petition   |       |       |       |     2 ||     2
 Abil: Breathe Lightning |       |       |     3 |     1 ||     4
Evoke: Wand              |       |       |     3 |    21 ||    24
  Use: Potion            |       |     1 |     5 |     5 ||    11
       Scroll            |       |       |    16 |     4 ||    20
 Stab: Sleeping          |       |     4 |     2 |       ||     6
       Distracted        |       |       |     1 |     4 ||     5
       Confused          |       |       |       |     3 ||     3
  Eat: Chunk             |     2 |     8 |     4 |       ||    14
       Meat ration       |       |       |     3 |     1 ||     4
       Beef jerky        |       |       |     1 |     1 ||     2
       Bread ration      |       |       |     1 |       ||     1
       Fruit             |       |       |     1 |       ||     1
       Pizza             |       |       |     1 |       ||     1
       Royal jelly       |       |       |       |     4 ||     4
